 Dungeon Crawl Stone Soup version 0.21.0-25-ge575cb9 (webtiles) character file.

12856 typeaskee the Basher (level 11, -12/76 HPs)
             Began as a Gargoyle Fighter on Jan 24, 2018.
             Was a High Priest of Okawaru.
             Mangled by a white ugly thing (26 damage)
             ... on level 11 of the Dungeon on Jan 25, 2018.
             The game lasted 00:41:11 (11667 turns).

typeaskee the Basher (Gargoyle Fighter)            Turns: 11667, Time: 00:41:11

Health: -12/76     AC: 23    Str: 24    XL:     11   Next: 99%
Magic:  13/14      EV: 11    Int: 11    God:    Okawaru [*****.]
Gold:   577        SH: 11    Dex:  9    Spells: 10/10 levels left

rFire    . . .     SeeInvis .   a - +0 flail
rCold    . . .     Gourm    .   c - +0 shield
rNeg     + . .     Faith    .   b - +0 scale mail
rPois    ∞         Spirit   .   n - +1 helmet {Int+3}
rElec    +         Reflect  .   s - scarf {repulsion}
rCorr    .         Harm     .   (no gloves)
MR       .....                  l - +1 pair of boots
Stlth    ++........             (no amulet)
HPRegen  0.22/turn              B - +5 ring of slaying
MPRegen  0.14/turn              z - +2 ring of protection

@: heroism, repel missiles
A: negative energy resistance 1, electricity resistance, unbreathing,
petrification resistance, rot immunity, AC +8
a: Heroism, Finesse, Renounce Religion


You were on level 11 of the Dungeon.
You worshipped Okawaru.
Okawaru was extremely pleased with you.
You were not hungry.

You visited 2 branches of the dungeon, and saw 12 of its levels.
You also visited: Bailey and Ice Cave.

You collected 577 gold pieces.

Inventory:

Hand Weapons
 a - a +0 flail (weapon)
Missiles
 r - 51 poisoned needles (quivered)
Armour
 b - a +0 scale mail (worn)
 c - a +0 shield (worn)
 l - a +1 pair of boots (worn)
 n - a +1 helmet of intelligence (worn)
 s - a scarf of repulsion (worn)
Jewellery
 q - a +2 ring of evasion
 y - an uncursed ring of positive energy
 z - a +2 ring of protection (right hand)
 B - a +5 ring of slaying (left hand)
 C - an uncursed ring of protection from fire
 I - a cursed -2 ring of dexterity {unknown}
Wands
 K - a wand of iceblast (6)
 O - a wand of enslavement (10)
Scrolls
 d - 3 scrolls of magic mapping
 e - 3 scrolls of teleportation
 i - 2 scrolls of silence
 j - 2 scrolls of fear
 o - a scroll of fog
 v - 3 scrolls of remove curse
 D - a scroll of vulnerability {unknown}
 E - a scroll of amnesia
 F - 2 scrolls of identify
 J - a scroll of acquirement {unknown}
Potions
 g - 2 potions of resistance
 h - 4 potions of lignification
 k - a potion of ambrosia
 m - 4 potions of berserk rage
 p - 4 potions of heal wounds
 t - 7 potions of curing
 u - a potion of haste
 w - a potion of agility
 x - 2 potions of might
 A - a potion of degeneration {unknown}
 G - 4 potions of magic {unknown}
 H - 2 potions of mutation {unknown}
 M - a potion of flight {unknown}
Books
 L - a book of Frost

   Spells                             Type                      Level
   a - Freeze                         Ice                          1
   b - Throw Frost                    Conjuration/Ice              2
   c - Ozocubu's Armour               Charms/Ice                   3
   d - Throw Icicle                   Conjuration/Ice              4
   e - Summon Ice Beast               Ice/Summoning                4
Comestibles
 f - 21 rations


   Skills:
 * Level 11.9(16.9) Fighting
 - Level 14.2(19.2) Maces & Flails
 - Level 3.3(8.3) Armour
 - Level 3.0(8.0) Stealth
 - Level 3.3(8.3) Shields
 - Level 4.5 Invocations


You had 10 spell levels left.
You didn't know any spells.

Dungeon Overview and Level Annotations

Branches:
Dungeon (11/15)            Temple (1/1) D:7            Lair (0/6) D:11
    Orc: D:9-12

Altars:
Ashenzari
Cheibriados
Dithmenos
Elyvilon
Fedhas
Gozag
Hepliaklqana
Kikubaaqudgha
Makhleb
Nemelex Xobeh
Okawaru
Qazlal
Ru
Sif Muna
Trog
Uskayaw
Vehumet
Wu Jian
Xom
Yredelemnul
Zin
The Shining One

Shops:
D:6 [   D:9 (   D:11 }


Innate Abilities, Weirdness & Mutations

You are resistant to torment.
Your stone body is resilient. (AC +8)
You are immune to poison.
You resist negative energy. (rN+)
You are resistant to electric shocks. (rElec)
You can survive without breathing.
You are immune to petrification.
You are immune to rotting.


Message History

The ice beast hits you but does no damage.
The ice beast hits you. The ice beast freezes you!
You barely miss the white ugly thing.
The white ugly thing is moderately wounded.
You block the white ugly thing's attack.
You thump the white ugly thing!
The white ugly thing is heavily wounded.
The ice beast hits you but does no damage.
The ice beast hits you. The ice beast freezes you!
* * * LOW HITPOINT WARNING * * *
You block the white ugly thing's attack.
You hit the white ugly thing.
The white ugly thing is heavily wounded.
You block the ice beast's attack. x2
You hit the white ugly thing.
The white ugly thing is heavily wounded.
The white ugly thing tentacle-slaps you.
* * * LOW HITPOINT WARNING * * *
The white ugly thing freezes you!!
You die...

#.# #.#### .... #....#
..# ..##.##
#######.### #######
#.....####.........#
>......
#.......##.........#
.......
#.....#..#..<......#
....... ......#
.#.....YY..####.......
......#
#......@..#..'.......
...<..#
#.......u...##.......
....[.# ..........###
####### ......#
#.........# .######
#######.### .## #.#
..# ##.##### #)#
#......# #.##
#####.####.#


You could see a white ugly thing and 2 ice beasts.

Vanquished Creatures
  Erolcha (D:10)
  5 two-headed ogres
  5 death yaks (D:11)
  Pikel (D:4)
  A cyclops (D:8)
  A manticore (D:11)
  A gargoyle (D:11)
  Prince Ribbit (D:7)
  A hippogriff (D:11)
  Eustachio (D:4)
  2 yaks (D:11)
  2 hungry ghosts (D:9)
  3 sky beasts
  A black bear (D:7)
  An ice beast (D:5)
  An orc warrior (Bailey)
  4 phantoms
  A hornet zombie (D:11)
  A slave (D:4)
  2 ogres
  2 centaurs
  2 crocodiles
  4 bullfrogs
  A big kobold (D:10)
  A water moccasin zombie (D:7)
  A wyvern skeleton (D:11)
  3 scorpions
  2 electric eels (D:8)
  2 howler monkeys
  2 crimson imps
  5 hounds
  A bullfrog zombie (D:11)
  2 centaur skeletons
  3 orc wizards
  An orc priest (D:6)
  A bullfrog skeleton (D:6)
  An iguana (D:9)
  Natasha (D:4)
  6 worker ants
  A hound skeleton (D:9)
  A worker ant zombie (D:3)
  27 gnolls
  9 adders
  2 river rats (D:3)
  3 shadow imps
  12 white imps (D:11)
  2 oozes
  2 adder skeletons
  4 worms
  A dart slug (D:5)
  5 leopard geckos
  21 orcs
  7 bats
  4 giant cockroaches
  12 goblins
  15 hobgoblins
  2 jackals (D:2)
  4 quokkas
  4 frilled lizards
  A jackal skeleton (D:7)
  A jackal zombie (D:6)
  23 kobolds
  A quokka zombie (D:6)
  5 rats
246 creatures vanquished.

Vanquished Creatures (others)
  2 slaves (D:4)
  A howler monkey (D:4)
  A gnoll (D:4)
4 creatures vanquished.

Grand Total: 250 creatures vanquished

Notes
Turn   | Place    | Note
-------+----------+-------------------------------------------
     0 | D:1      | typeaskee the Gargoyle Fighter began the quest for the Orb.
     0 | D:1      | Reached XP level 1. HP: 14/14 MP: 1/1
   107 | D:1      | Reached XP level 2. HP: 9/19 MP: 2/2
   517 | D:1      | Reached skill level 3 in Maces & Flails
   708 | D:2      | Reached XP level 3. HP: 10/23 MP: 3/3
  1641 | D:3      | Reached skill level 4 in Maces & Flails
  1641 | D:3      | Reached XP level 4. HP: 28/28 MP: 4/4
  1645 | D:3      | Found a shadowy altar of Dithmenos.
  1829 | D:3      | Reached XP level 5. HP: 32/32 MP: 5/5
  1833 | D:3      | Reached skill level 5 in Maces & Flails
  2676 | D:3      | Reached skill level 1 in Stealth
  2676 | D:3      | Reached XP level 6. HP: 37/37 MP: 6/6
  2790 | D:4      | Reached skill level 6 in Maces & Flails
  2957 | D:4      | Noticed a slave
  3000 | D:4      | Killed a slave
  3137 | D:4      | Noticed Pikel
  3137 | D:4      | Noticed a slave
  3137 | D:4      | Noticed a phantom
  3139 | D:4      | Noticed a slave
  3140 | D:4      | Noticed a slave
  3170 | D:4      | Killed Pikel
  3170 | D:4      | Reached skill level 8 in Maces & Flails
  3170 | D:4      | Reached XP level 7. HP: 26/41 MP: 7/7
  3183 | D:4      | Reached XP level 8. HP: 20/46 MP: 8/8
  3496 | D:4      | Reached skill level 9 in Maces & Flails
  3691 | D:4      | Noticed Eustachio
  3755 | D:4      | Killed Eustachio
  4107 | D:4      | Noticed Natasha
  4114 | D:4      | Killed Natasha
  4310 | D:5      | Entered Level 5 of the Dungeon
  4371 | D:5      | Found a hide-covered altar of Uskayaw.
  4576 | D:5      | Reached skill level 10 in Maces & Flails
  4680 | D:5      | Found an ornate altar of the Wu Jian Council.
  4811 | D:5      | Found a bloodstained altar of Trog.
  5619 | D:6      | Reached skill level 11 in Maces & Flails
  5619 | D:6      | Reached XP level 9. HP: 51/51 MP: 9/9
  5684 | D:6      | Found a glowing golden altar of the Shining One.
  5773 | D:6      | Found a sparkling altar of Nemelex Xobeh.
  6068 | D:6      | Found Jokketom's Antique Armour Shoppe.
  6322 | D:7      | Found a staircase to the Ecumenical Temple.
  6329 | Temple   | Entered the Ecumenical Temple
  6357 | Temple   | Became a worshipper of Warmaster Okawaru
  6729 | D:7      | Noticed Prince Ribbit
  6754 | D:7      | Killed Prince Ribbit
  6754 | D:7      | Reached skill level 12 in Maces & Flails
  7568 | D:8      | Found a radiant altar of Vehumet.
  7583 | D:8      | Found a bloodstained altar of Trog.
  7639 | D:8      | Reached * piety under Okawaru
  7746 | D:8      | Found a bloodstained altar of Trog.
  7844 | D:8      | Found a flagged portal.
  7885 | Bailey   | Entered a bailey
  8108 | Bailey   | Reached skill level 13 in Maces & Flails
  8270 | Bailey   | Reached XP level 10. HP: 56/56 MP: 10/10
  8442 | D:8      | Noticed a cyclops
  8454 | D:8      | Killed a cyclops
  8817 | D:9      | Found a burning altar of Makhleb.
  8876 | D:9      | Found a white marble altar of Elyvilon.
  8876 | D:9      | Found a glowing silver altar of Zin.
  8876 | D:9      | Found a glowing golden altar of the Shining One.
  8880 | D:9      | Found Celemod's Antique Weapon Shop.
  8983 | D:9      | Noticed a two-headed ogre
  9002 | D:9      | Killed a two-headed ogre
  9002 | D:9      | Reached ** piety under Okawaru
  9002 | D:9      | Reached skill level 14 in Maces & Flails
  9355 | D:9      | Reached skill level 1 in Invocations
  9519 | D:9      | Found a deep blue altar of Sif Muna.
  9624 | D:9      | Found a sparkling altar of Nemelex Xobeh.
  9646 | D:10     | Entered Level 10 of the Dungeon
  9736 | D:10     | Noticed Erolcha
  9748 | D:10     | Killed Erolcha
  9748 | D:10     | Reached *** piety under Okawaru
  9748 | D:10     | Reached skill level 5 in Fighting
  9962 | D:10     | Noticed a two-headed ogre
  9974 | D:10     | Killed a two-headed ogre
 10061 | D:10     | Reached XP level 11. HP: 61/66 MP: 13/13
 10382 | D:10     | Noticed a two-headed ogre
 10390 | D:10     | Killed a two-headed ogre
 10390 | D:10     | Reached **** piety under Okawaru
 10810 | D:10     | Noticed a two-headed ogre
 10820 | D:10     | Killed a two-headed ogre
 11017 | D:11     | Found Iloaveatt's Gadget Boutique.
 11030 | D:11     | Noticed a manticore
 11046 | D:11     | Killed a manticore
 11178 | D:11     | Noticed a two-headed ogre
 11186 | D:11     | Killed a two-headed ogre
 11236 | D:11     | Noticed a death yak
 11239 | D:11     | Noticed a death yak
 11247 | D:11     | Noticed a death yak
 11248 | D:11     | Noticed a death yak
 11249 | D:11     | Noticed a death yak
 11251 | D:11     | Killed a death yak
 11252 | D:11     | Reached ***** piety under Okawaru
 11252 | D:11     | Reached skill level 10 in Fighting
 11259 | D:11     | Killed a death yak
 11266 | D:11     | Killed a death yak
 11285 | D:11     | Killed a death yak
 11297 | D:11     | Killed a death yak
 11598 | D:11     | Found a staircase to the Lair.
 11609 | D:11     | Found a frozen archway.
 11651 | IceCv    | Entered an ice cave
 11651 | IceCv    | Noticed a white ugly thing
 11667 | D:11     | Mangled by a white ugly thing

Skill      XL: |  1  2  3  4  5  6  7  8  9 10 11 |
---------------+----------------------------------+-----
Maces & Flails | 3 4 5 8 11 13 14 | 14.2
Stealth        | 1 2 3 |  3.0
Invocations    | 3 4 |  4.5
Fighting       | 6 11 | 11.9
Armour         | |  3.3
Shields        | |  3.3

Action                   |  1- 3 |  4- 6 |  7- 9 | 10-12 || total
-------------------------+-------+-------+-------+-------++-------
Melee: Flail             |   158 |   270 |   503 |   290 ||  1221
Invok: Heroism           |       |       |       |     9 ||     9
  Use: Scroll            |     2 |     3 |    17 |       ||    22
       Potion            |       |     3 |     2 |     3 ||     8
 Stab: Distracted        |       |       |       |     1 ||     1
  Eat: Chunk             |     2 |     6 |     7 |    11 ||    26
       Ration            |       |       |     3 |     1 ||     4
Armor: Scale mail        |    97 |   114 |   219 |   106 ||   536
       Skin              |       |     3 |    15 |       ||    18
Dodge: Dodged            |    56 |    93 |   135 |    64 ||   348
       Deflected         |       |       |    14 |     9 ||    23
Block: Shield            |    92 |   130 |   191 |    91 ||   504
